 Dungeon Crawl Stone Soup version 0.29-a0-1039-gfc20370e89 (webtiles) character file.

Game seed: 13638223491859119384

111 BritishOli the Trooper (level 4, 0/37 HPs)
             Began as a Demonspawn Fighter on Aug 15, 2022.
             Succumbed to a kobold's poison
             ... on level 3 of the Dungeon.
             The game lasted 00:02:53 (3094 turns).

BritishOli the Trooper (Demonspawn Fighter)         Turns: 3094, Time: 00:02:54

Health: 0/37       AC: 12    Str: 19    XL:     4   Next: 62%
Magic:  4/4        EV:  9    Int:  9    God:
Gold:   162        SH:  4    Dex: 12    Spells: 3/3 levels left

rFire   . . .      SeeInvis .   a - +0 long sword
rCold   . . .      Faith    .   c - +0 buckler
rNeg    . . .      Spirit   .   b - +0 scale mail
rPois   .          Reflect  .   (no helmet)
rElec   .          Harm     .   (no cloak)
rCorr   .          Rampage  .   (no gloves)
Will    .....                   (no boots)
Stlth   ..........              (no amulet)
HPRegen 0.12/turn               g - +4 ring of protection
MPRegen 0.09/turn               (no ring)

@: lethally poisoned (0 -> -2)
A: molten scales 1
a: no special abilities


You were on level 3 of the Dungeon.
You visited 1 branch of the dungeon, and saw 3 of its levels.

You collected 162 gold pieces.

Inventory:

Hand Weapons
 a - a +0 long sword (weapon)
Missiles
 r - 2 throwing nets (quivered)
Armour
 b - a +0 scale mail (worn)
 c - a +0 buckler (worn)
Jewellery
 g - a +4 ring of protection (left hand)
Wands
 o - a wand of quicksilver (6)
Scrolls
 e - 2 scrolls of teleportation {unknown}
 i - a scroll of immolation {unknown}
 j - a scroll of enchant weapon {unknown}
 l - 3 scrolls of identify {unknown}
Potions
 d - 2 potions of might
 f - 2 potions of degeneration {unknown}
 h - 5 potions of curing {unknown}
 k - a potion of mutation {unknown}
 m - 2 potions of flight {unknown}
 n - a potion of resistance {unknown}
 p - a potion of attraction {unknown}
 q - 3 potions of magic {unknown}


   Skills:
 + Level 3.7 Fighting
 + Level 2.7 Long Blades
 + Level 3.3 Armour
 + Level 3.3 Shields


You had 3 spell levels left.
You didn't know any spells.
Your spell library contained the following spells:

 Spells                   Type           Power      Damage    Failure   Level
 Call Canine Familiar     Summ           0%         N/A       99%         3
 Portal Projectile        Hex/Tloc       0%         N/A       99%         3
 Stone Arrow              Conj/Erth      0%         3d7       99%         3
 Animate Armour           Summ/Erth      0%         N/A       100%        4
 Leda's Liquefaction      Hex/Erth       0%         N/A       100%        4
 Lehudib's Crystal Spear  Conj/Erth      0%         10d2      100%        8


Dungeon Overview and Level Annotations

Branches:
Dungeon (3/15)

Altars:
Kikubaaqudgha
Ru
Xom

Annotations:
D:3 2 transporters, LucemDeus's ghost, amateur DrMo


Innate Abilities, Weirdness & Mutations

You are partially covered in molten scales. (AC +2)


Message History

You see here a +0 spear.
The ball python hisses angrily.
There is an open door here.
The ball python hisses angrily.
The kobold shouts!
The kobold shouts!
You hear a shout!
Found a shimmering altar of Xom.
The kobold shouts! x2; The ball python hisses angrily.
No reachable target in view!
No reachable target in view!
No reachable target in view!
No reachable target in view!
No reachable target in view!
You open the large door.
The rat twitches its whiskers.
You hit the kobold.
You kill the kobold!
You block the kobold's attack. The kobold hits you but does no damage.
You barely miss the kobold. The kobold closely misses you.
The kobold hits you but does no damage.
You are poisoned.
You closely miss the kobold.
You feel very sick.
You block the kobold's attack. x2; The kobold hits you but does no damage.
You barely miss the kobold.
You feel sick. You block the kobold's attack. The kobold closely misses you.
LucemDeus's ghost says, "I was like you once."
The kobold hits you but does no damage. The kobold closely misses you.
The kobold hits you with a +1 short sword of chaos.
The kobold freezes you. The kobold hits you but does no damage.
You barely miss the kobold.
You feel sick. The kobold closely misses you.
The kobold hits you but does no damage.
The kobold hits you with a +1 short sword of chaos.
You closely miss the kobold.
You feel sick. You block the kobold's attack.
The kobold hits you but does no damage. x2
You feel sick. The kobold attacks as you move away!
The kobold hits you but does no damage.
You are electrocuted!
* * * LOW HITPOINT WARNING * * *
You die...

..#...................#...#.#.nn#
..#...................#........r#
..##..........#......©#....©...(#
####........###.......#........(#
####........# #.......#nr.#.#...#
##..........# #.......#8S#...#.8#
..........### #.......##WK.....##
..........#####)..##...#########.
................@.##.............
...............##.K.#............
...............###KK#........##..
...............# #)'#......).#...
...............# #..#####....#..#
...###......#### #.§. ##....+..)
...# #......# .§§§. #.....#...
...###......# .._§§.##.........
....##......# §§§.§###.#+#.....


You could see a necrophage and 3 kobolds.

Vanquished Creatures
  2 adders
  A worm (D:2)
  2 dart slugs (D:1)
  3 orcs (D:3)
  6 ball pythons (D:1)
  11 bats
  6 endoplasms
  2 giant cockroaches (D:1)
  8 hobgoblins
  6 jackals (D:1)
  3 quokkas
  5 frilled lizards
  7 goblins
  10 kobolds
  6 rats
78 creatures vanquished.

Vanquished Creatures (others)
  A human (D:3)
1 creature vanquished.

Grand Total: 79 creatures vanquished

Notes
Turn   | Place    | Note
-------+----------+-------------------------------------------
     0 | D:1      | BritishOli the Demonspawn Fighter began the quest for the
                  | Orb.
     0 | D:1      | Reached XP level 1. HP: 18/18 MP: 1/1
   201 | D:1      | Gained mutation: You are partially covered in molten
                  | scales. (AC +2) [demonic ancestry]
   201 | D:1      | Reached XP level 2. HP: 21/24 MP: 2/2
   315 | D:1      | Found a faded altar of an unknown god.
   511 | D:1      | Reached XP level 3. HP: 29/29 MP: 3/3
   995 | D:1      | Noticed a shining eye
   997 | D:1      | Noticed a floating eye
   997 | D:1      | Noticed an eye of devastation
   997 | D:1      | Noticed a great orb of eyes
  1257 | D:2      | Found a sacrificial altar of Ru.
  1735 | D:2      | Reached XP level 4. HP: 35/35 MP: 4/4
  2245 | D:3      | Noticed LucemDeus's ghost (amateur DrMo)
  2291 | D:3      | Noticed a necrophage
  2485 | D:3      | Found a transporter.
  2487 | D:3      | Found a large runed translucent door.
  2487 | D:3      | Found a large runed translucent door.
  2489 | D:3      | Found a transporter.
  2869 | D:3      | Found an ancient bone altar of Kikubaaqudgha.
  2869 | D:3      | Noticed a human
  2872 | D:3      | Killed a human
  3018 | D:3      | Found a shimmering altar of Xom.
  3094 | D:3      | HP: 1/37 [kobold/+0 whip of chaos (16)]
  3094 | D:3      | Succumbed to a kobold's poison

Illustrated notes

Levels and vault maps discovered:
D:1:      minmay_arrival_widening_spiral_wide, layout_basic,
          hellmonk_ecumenical_altar_watching_god, minmay_misc_feat_ornament,
          minmay_heptomino_w4
D:2:      layout_basic, basic_altar
D:3:      due_chaos_kobolds, layout_basic, tgw_kikubaaqudgha,
          gammafunk_ghost_arena

Skill      XL: |  1  2 |
---------------+-------+-----
Long Blades    | 2 |  2.7
Shields        | 3 |  3.3
Armour         | 3 |  3.3
Fighting       | |  3.7

Action                   |  1- 3 |  4- 6 || total
-------------------------+-------+-------++-------
Melee: Long sword        |   186 |    89 ||   275
Armor: Scale mail        |   141 |    60 ||   201
Dodge: Dodged            |    80 |    52 ||   132
Block: Buckler           |    41 |    29 ||    70

Table legend: (Time is in decaauts)
 A = Elapsed time spent in this place.
 B = Non-inter-level travel time spent in this place.
 C = Inter-level travel time spent in this place.
 D = Time resting spent in this place.
 E = Time spent auto-exploring this place.
 F = Levels seen in this place.
 G = Mean time per level.
                   A        B        C        D        E       F      G
               +--------+--------+--------+--------+--------+-----+--------+
         Total |   3180 |   3097 |     83 |    180 |   2303 |   3 | 1060.0 |
       Dungeon |   3180 |   3097 |     83 |    180 |   2303 |   3 | 1060.0 |
               +--------+--------+--------+--------+--------+-----+--------+

Top non-repeatable levels by time:
     D:1: 1308 daAuts
     D:2: 997 daAuts
     D:3: 874 daAuts
